Hartford Whalers vs Los Angeles Kings

Created - Friday, October 24, 2025 at 07:59

Goals
1 2 3 T
Hartford Whalers 2 1 2 5
Los Angeles Kings 0 1 2 3
Shots
1 2 3 T
Hartford Whalers 10 11 13 34
Los Angeles Kings 15 5 17 37

1st period

1. Hartford Whalers , Kaiden Guhle 2 (Simon Edvinsson 11, Pierre-Luc Dubois 35) at 7:30
2. Hartford Whalers , Anders Lee 17 (Devon Toews 7, Braden Schneider 14) at 10:42

Penalties :
Braden Schneider (HFD) for High sticking (Minor) at 2:32

2nd period

3. Hartford Whalers , Pierre-Luc Dubois 23 (Jordan Kyrou 30) at 2:48 (PP)
4. Los Angeles Kings , MacKenzie Weegar 4 (Andrei Kuzmenko 21, K'Andre Miller 17) at 19:33

Penalties :
Vitali Kravtsov (LAK) for Roughing (Minor) at 1:46, Jordan Kyrou (HFD) for Tripping (Minor) at 10:35, Andrei Svechnikov (LAK) for High sticking (Minor) at 14:50

3rd period

5. Los Angeles Kings , Seth Jarvis 32 (MacKenzie Weegar 26, Andrei Svechnikov 23) at 0:46
6. Los Angeles Kings , Alex Gallant 2 (MacKenzie Weegar 27, Evander Kane 8) at 5:57
7. Hartford Whalers , Dylan Guenther 21 (Kaiden Guhle 6, Nick Suzuki 45) at 17:05
8. Hartford Whalers , Anthony Cirelli 17 (Joshua Norris 39) at 19:04 (Empty Net)

Penalties :
Charlie McAvoy (LAK) for Fighting (Major) at 0:36, Jordan Kyrou (HFD) for Fighting (Major) at 0:36, Braden Schneider (HFD) for Roughing (Minor) at 7:00, Andrei Svechnikov (LAK) for Roughing (Minor) at 11:03

Goalie Stats

Samuel Montembeault (HFD), 34 saves from 37 shots - (0.919), W, 24-23-4, 60:00 minutes
Andrei Vasilevskiy (LAK), 29 saves from 33 shots - (0.879), L, 14-20-1, 59:28 minutes

Players Stats for Hartford Whalers

Player Name              G  A  P  +/- PIM S  H  SB GA TA FO     MP     PP MP  PK MP  
------------------------------------------------------------------------------------
Anders Lee               1  0  1   1  0   1  1  0  1  1  0/0    13:10   0:13   2:20 
Anthony Cirelli          1  0  1   1  0   2  0  0  0  0  2/2    17:21   0:40   3:01 
Braden Schneider         0  1  1   2  4   1  2  1  0  0  0/0    15:27   0:00   0:00 
Devon Toews              0  1  1   2  0   1  2  1  0  3  0/0    21:54   2:18   3:18 
Dylan Guenther           1  0  1   0  0   5  2  0  0  0  0/0    15:54   1:57   0:12 
Jonathan Drouin          0  0  0  -1  0   2  0  0  1  0  0/0    14:58   2:42   0:00 
Jordan Kyrou             0  1  1   1  7   1  0  0  1  0  1/2    15:33   2:44   0:00 
Joshua Norris            0  1  1   0  0   5  1  0  1  1  17/24  18:22   3:10   3:01 
Kaapo Kakko              0  0  0   0  0   0  0  0  0  0  0/0     9:01   0:00   0:00 
Kaiden Guhle             1  1  2   1  0   2  0  3  0  1  0/0    14:42   0:00   2:39 
Matthew Coronato         0  0  0   0  0   1  0  0  1  0  2/6    11:37   2:18   0:00 
Nick Suzuki              0  1  1   0  0   2  1  0  0  0  10/15  17:48   2:06   2:44 
Pierre-Luc Dubois        1  1  2   1  0   7  3  0  1  1  2/2    18:03   2:34   0:36 
Seth Jones               0  0  0  -2  0   0  1  0  0  1  0/0    26:11   2:42   2:39 
Sidney Crosby            0  0  0   1  0   2  0  1  0  0  6/15   15:20   1:36   0:00 
Simon Edvinsson          0  1  1  -1  0   1  2  1  0  0  0/0    17:56   0:00   0:00 
Tyson Foerster           0  0  0  -1  0   0  2  0  0  0  0/1    12:05   0:00   0:00 
Vladislav Gavrikov       0  0  0   0  0   1  1  0  0  0  0/0    18:37   0:00   3:18 

Players Stats for Los Angeles Kings

Player Name              G  A  P  +/- PIM S  H  SB GA TA FO     MP     PP MP  PK MP  
------------------------------------------------------------------------------------
Alex Gallant             1  0  1   1  0   1  0  0  0  0  1/1     9:32   0:00   0:00 
Andrei Kuzmenko          0  1  1  -1  0   3  1  1  0  0  0/2    15:42   2:15   0:52 
Andrei Svechnikov        0  1  1  -2  4   4  2  0  0  0  0/0    17:47   3:05   0:24 
Charlie McAvoy           0  0  0  -2  5   2  1  0  1  1  0/0    15:45   0:00   0:00 
Drew Helleson            0  0  0  -1  0   0  2  1  0  0  0/0    14:14   0:00   0:00 
Evander Kane             0  1  1   1  0   1  0  0  0  0  0/0     9:42   0:04   0:00 
Jansen Harkins           0  0  0  -1  0   4  0  1  0  0  6/11   12:24   0:04   0:00 
Joseph Veleno            0  0  0   1  0   0  1  0  0  0  7/11   13:42   0:37   0:26 
K'Andre Miller           0  1  1   3  0   0  0  1  0  0  0/0    22:28   3:08   2:07 
Logan Cooley             0  0  0   1  0   4  2  0  2  0  2/6    18:36   2:48   2:54 
MacKenzie Weegar         1  2  3   2  0   5  2  1  1  2  0/0    23:37   3:08   2:07 
Matthew Boldy            0  0  0  -2  0   2  2  3  0  1  1/2    20:06   3:05   2:44 
Mikey Eyssimont          0  0  0   1  0   1  1  0  2  0  4/7     9:32   0:00   0:00 
Morgan Geekie            0  0  0   1  0   3  2  0  1  0  0/0    15:39   2:48   0:00 
Owen Power               0  0  0  -2  0   0  0  3  0  1  0/0    20:56   2:49   2:53 
Ryan Suter               0  0  0  -2  0   1  0  1  0  1  0/0    22:59   2:49   2:53 
Seth Jarvis              1  0  1  -2  0   6  1  0  1  0  6/26   20:02   3:05   2:40 
Vitali Kravtsov          0  0  0  -1  2   0  0  0  0  0  0/1    12:13   0:00   0:00 

3 Stars

1 - MacKenzie Weegar (LAK)
2 - Pierre-Luc Dubois (HFD)
3 - Kaiden Guhle (HFD)

Power Play

Hartford Whalers - 1 on 3 Attempt(s) - 33.33%
Los Angeles Kings - 0 on 3 Attempt(s) - 0.00%

Penalty Kill

Hartford Whalers - 3 on 3 Attempt(s) - 100.00% - Score 0 goal in Penalty Kill
Los Angeles Kings - 2 on 3 Attempt(s) - 66.67% - Score 0 goal in Penalty Kill

Team Stat

Hartford Whalers - Hits : 18 - Faceoff Wins : 40 - Blocked Shots : 7 - Penalty Minutes : 11
Los Angeles Kings - Hits : 17 - Faceoff Wins : 27 - Blocked Shots : 12 - Penalty Minutes : 11

Official

Referees : Chris Rooney and Kevin Pollock
Linesman : Matt MacPherson and Steve Barton

Game Notes

Charlie McAvoy and Jordan Kyrou fight to a draw at 0:36 of 3rd period
Anthony Cirelli has scored in a empty net!

Finance

Level 1 -- Attendance: 5223 (87.05%) -- Ticket Income $470,070
Level 2 -- Attendance: 5000 (100.00%) -- Ticket Income $250,000
Level 3 -- Attendance: 2796 (93.20%) -- Ticket Income $83,880
Level 4 -- Attendance: 4721 (94.42%) -- Ticket Income $94,420
Luxury Box -- Attendance: 876 (87.60%) -- Ticket Income $166,440
Game was played at the Staples Center.
Total Attendance: 18616 (93.08%)
Total Ticket Income: $1,064,810
Other Income: $372,684
Total Income: $1,437,494

Hartford Whalers

5 vs 5 Forward 
   Center                   Left Wing                Right Wing               Time % Phy DF OF 
 1 Nick Suzuki              Dylan Guenther           Anthony Cirelli          30     1   1  3  
 2 Sidney Crosby            Pierre-Luc Dubois        Jordan Kyrou             30     1   1  3  
 3 Joshua Norris            Jonathan Drouin          Tyson Foerster           25     1   1  3  
 4 Matthew Coronato         Anders Lee               Kaapo Kakko              15     1   3  1  

5 vs 5 Defense 
   Defense                  Defense                                           Time % Phy DF OF 
 1 Vladislav Gavrikov       Seth Jones                                        30     1   2  2  
 2 Devon Toews              Braden Schneider                                  30     1   2  2  
 3 Kaiden Guhle             Simon Edvinsson                                   25     1   2  2  
 4 Simon Edvinsson          Seth Jones                                        15     1   2  2  

PowerPlay Forward 
   Center                   Left Wing                Right Wing               Time % Phy DF OF 
 1 Sidney Crosby            Dylan Guenther           Nick Suzuki              50     0   1  4  
 2 Joshua Norris            Pierre-Luc Dubois        Jordan Kyrou             50     0   1  4  

PowerPlay Defense
   Defense                  Defense                                           Time % Phy DF OF 
 1 Jonathan Drouin          Seth Jones                                        50     1   2  2  
 2 Matthew Coronato         Devon Toews                                       50     1   2  2  

Penalty Kill 4 Players Forward 
   Center                   Wing                     Time % Phy DF OF 
 1 Nick Suzuki              Anders Lee               50     1   2  2  
 2 Joshua Norris            Anthony Cirelli          50     1   2  2  

Penalty Kill 4 Players Defense
   Defense                  Defense                  Time % Phy DF OF 
 1 Kaiden Guhle             Seth Jones               50     1   2  2  
 2 Vladislav Gavrikov       Devon Toews              50     1   2  2  

Penalty Kill - 3 Players Forward 
   Forward                                           Time % Phy DF OF 
 1 Joshua Norris                                     50     1   2  2  
 2 Anthony Cirelli                                   50     1   2  2  

Penalty Kill - 3 Players Defense
   Defense                  Defense                  Time % Phy DF OF 
 1 Vladislav Gavrikov       Seth Jones               50     1   2  2  
 2 Kaiden Guhle             Braden Schneider         50     1   2  2  

4 vs 4 Forward 
   Center                   Wing                     Time % Phy DF OF 
 1 Sidney Crosby            Nick Suzuki              50     0   1  4  
 2 Joshua Norris            Jordan Kyrou             50     0   2  3  

4 vs 4 Defense
   Defense                  Defense                  Time % Phy DF OF 
 1 Devon Toews              Seth Jones               50     1   2  2  
 2 Vladislav Gavrikov       Braden Schneider         50     1   2  2  

Last Minutes Offensive
   Center                   Left Wing                Right Wing               Defense                  Defense                  
   Sidney Crosby            Dylan Guenther           Nick Suzuki              Jonathan Drouin          Braden Schneider         

Last Minutes Defensive
   Center                   Left Wing                Right Wing               Defense                  Defense                  
   Anthony Cirelli          Joshua Norris            Anders Lee               Kaiden Guhle             Seth Jones               

Goaltenders
Starting : Samuel Montembeault      
Backup : Spencer Knight           

Extra Forwards
Normal : Dylan Guenther, Anders Lee, Jonathan Drouin - PP : Sidney Crosby, Dylan Guenther - PK : Anders Lee
Extra Defensemen
Normal : Braden Schneider, Kaiden Guhle, Vladislav Gavrikov - PP : Braden Schneider - PK : Kaiden Guhle, Vladislav Gavrikov
Penalty Shots
Nick Suzuki, Sidney Crosby, Pierre-Luc Dubois, Joshua Norris, Kaapo Kakko

Scratches
Chaz Lucius (Healthy), Filip Mesar (Healthy), Dylan Garand (Healthy)

Los Angeles Kings

5 vs 5 Forward 
   Center                   Left Wing                Right Wing               Time % Phy DF OF 
 1 Seth Jarvis              Matthew Boldy            Andrei Svechnikov        30     1   2  2  
 2 Joseph Veleno            Logan Cooley             Morgan Geekie            30     1   2  2  
 3 Jansen Harkins           Andrei Kuzmenko          Vitali Kravtsov          25     1   2  2  
 4 Mikey Eyssimont          Evander Kane             Alex Gallant             15     1   2  2  

5 vs 5 Defense 
   Defense                  Defense                                           Time % Phy DF OF 
 1 MacKenzie Weegar         K'Andre Miller                                    35     1   2  2  
 2 Charlie McAvoy           Ryan Suter                                        35     1   2  2  
 3 Drew Helleson            Owen Power                                        30     1   2  2  
 4 MacKenzie Weegar         K'Andre Miller                                    0      1   2  2  

PowerPlay Forward 
   Center                   Left Wing                Right Wing               Time % Phy DF OF 
 1 Seth Jarvis              Matthew Boldy            Andrei Svechnikov        50     1   2  2  
 2 Andrei Kuzmenko          Logan Cooley             Morgan Geekie            50     1   2  2  

PowerPlay Defense
   Defense                  Defense                                           Time % Phy DF OF 
 1 MacKenzie Weegar         K'Andre Miller                                    50     1   2  2  
 2 Owen Power               Ryan Suter                                        50     1   2  2  

Penalty Kill 4 Players Forward 
   Center                   Wing                     Time % Phy DF OF 
 1 Logan Cooley             Matthew Boldy            50     1   2  2  
 2 Andrei Svechnikov        Seth Jarvis              50     1   2  2  

Penalty Kill 4 Players Defense
   Defense                  Defense                  Time % Phy DF OF 
 1 MacKenzie Weegar         K'Andre Miller           50     1   2  2  
 2 Owen Power               Ryan Suter               50     1   2  2  

Penalty Kill - 3 Players Forward 
   Forward                                           Time % Phy DF OF 
 1 Andrei Svechnikov                                 50     1   2  2  
 2 Matthew Boldy                                     50     1   2  2  

Penalty Kill - 3 Players Defense
   Defense                  Defense                  Time % Phy DF OF 
 1 MacKenzie Weegar         K'Andre Miller           50     1   2  2  
 2 Owen Power               Ryan Suter               50     1   2  2  

4 vs 4 Forward 
   Center                   Wing                     Time % Phy DF OF 
 1 Andrei Kuzmenko          Matthew Boldy            50     1   2  2  
 2 Andrei Svechnikov        Logan Cooley             50     1   2  2  

4 vs 4 Defense
   Defense                  Defense                  Time % Phy DF OF 
 1 MacKenzie Weegar         K'Andre Miller           50     1   2  2  
 2 Owen Power               Ryan Suter               50     1   2  2  

Last Minutes Offensive
   Center                   Left Wing                Right Wing               Defense                  Defense                  
   Seth Jarvis              Matthew Boldy            Andrei Svechnikov        MacKenzie Weegar         K'Andre Miller           

Last Minutes Defensive
   Center                   Left Wing                Right Wing               Defense                  Defense                  
   Seth Jarvis              Matthew Boldy            Andrei Svechnikov        MacKenzie Weegar         K'Andre Miller           

Goaltenders
Starting : Andrei Vasilevskiy       
Backup : Carl Lindbom             

Extra Forwards
Normal : Andrei Kuzmenko, Jansen Harkins, Andrei Svechnikov - PP : Andrei Kuzmenko, Jansen Harkins - PK : Matthew Boldy
Extra Defensemen
Normal : MacKenzie Weegar, Owen Power, K'Andre Miller - PP : K'Andre Miller - PK : Owen Power, MacKenzie Weegar
Penalty Shots
Jansen Harkins, Matthew Boldy, Andrei Svechnikov, Seth Jarvis, Logan Cooley

Scratches
Alexander Romanov (Left Knee Injury), Cooper Marody (Healthy), Jakub Zboril (Left Foot Injury)

% Time on Ice - Hartford Whalers

Lines # - Real PCT - Wanted PCT - Time Play
Normal Forward
1 - 29% - 30% - 13:58
2 - 28% - 30% - 13:44
3 - 25% - 25% - 12:05
4 - 18% - 15% - 9:01
Normal Defense
1 - 30% - 30% - 14:49
2 - 33% - 30% - 16:03
3 - 24% - 25% - 11:55
4 - 12% - 15% - 6:01
PP Forward
1 - 42% - 50% - 2:06
2 - 58% - 50% - 2:54
PP Defense
1 - 54% - 50% - 2:42
2 - 46% - 50% - 2:18
PK Forward
1 - 49% - 50% - 2:56
2 - 51% - 50% - 3:01
PK Defense
1 - 45% - 50% - 2:39
2 - 55% - 50% - 3:18
PK3 Forward
1 - 0% - 50%
2 - 0% - 50%
PK3 Defense
1 - 0% - 50%
2 - 0% - 50%
44 Forward
1 - 0% - 50%
2 - 0% - 50%
44 Defense
1 - 0% - 50%
2 - 0% - 50%
Last Minute Offensive  - 0:00
Last Minute Defensive  - 0:15
Total
Forward - 60:00
Defense - 60:00

% Time on Ice - Los Angeles Kings

Lines # - Real PCT - Wanted PCT - Time Play
Normal Forward
1 - 29% - 30% - 13:58
2 - 27% - 30% - 13:00
3 - 25% - 25% - 12:14
4 - 20% - 15% - 9:32
Normal Defense
1 - 35% - 35% - 17:13
2 - 35% - 35% - 17:17
3 - 29% - 30% - 14:14
4 - 0% - 0% - 0:00
PP Forward
1 - 52% - 50% - 3:05
2 - 48% - 50% - 2:52
PP Defense
1 - 53% - 50% - 3:08
2 - 47% - 50% - 2:49
PK Forward
1 - 29% - 50% - 1:28
2 - 71% - 50% - 3:32
PK Defense
1 - 42% - 50% - 2:07
2 - 58% - 50% - 2:53
PK3 Forward
1 - 0% - 50%
2 - 0% - 50%
PK3 Defense
1 - 0% - 50%
2 - 0% - 50%
44 Forward
1 - 0% - 50%
2 - 0% - 50%
44 Defense
1 - 0% - 50%
2 - 0% - 50%
Last Minute Offensive  - 0:19
Last Minute Defensive  - 0:00
Total
Forward - 60:00
Defense - 60:00

Play-by-Play

1st period


0:01 of 1st period - Nick Suzuki wins face-off versus Seth Jarvis in neutral zone.
1:47 of 1st period - Snap shot by Matthew Coronato.
1:47 of 1st period - Shot Blocked by Ryan Suter.
2:19 of 1st period - Snap shot by Jansen Harkins.
2:19 of 1st period - Shot Misses the Net.
2:21 of 1st period - Slapshot by Charlie McAvoy.
2:21 of 1st period - Stopped by Samuel Montembeault without a rebound.
2:22 of 1st period - Joseph Veleno wins face-off versus Nick Suzuki in Hartford Whalers zone.
2:32 of 1st period - Minor Penalty to Braden Schneider for High sticking.
2:33 of 1st period - Seth Jarvis wins face-off versus Joshua Norris in Hartford Whalers zone.
3:06 of 1st period - Vladislav Gavrikov is hit by Logan Cooley.
4:32 of 1st period - Penalty to Braden Schneider is over, Braden Schneider is back on ice.
4:37 of 1st period - Braden Schneider is hit by Logan Cooley.
4:38 of 1st period - Icing by Braden Schneider.
4:39 of 1st period - Pierre-Luc Dubois wins face-off versus Mikey Eyssimont in Hartford Whalers zone.
5:12 of 1st period - Snap shot by Pierre-Luc Dubois.
5:12 of 1st period - Deflect By Dylan Guenther.
5:12 of 1st period - Shot Misses the Net.
5:12 of 1st period - Puck is out of play.
5:13 of 1st period - Joshua Norris wins face-off versus Seth Jarvis in Los Angeles Kings zone.
5:24 of 1st period - Snap shot by Seth Jarvis.
5:24 of 1st period - Stopped by Samuel Montembeault with a rebound.
5:26 of 1st period - Slapshot by Charlie McAvoy.
5:26 of 1st period - Shot Blocked by Simon Edvinsson.
5:28 of 1st period - Snap shot by Seth Jarvis.
5:28 of 1st period - Shot Blocked by Kaiden Guhle.
5:30 of 1st period - Wrist shot by Matthew Boldy.
5:30 of 1st period - Stopped by Samuel Montembeault without a rebound.
5:31 of 1st period - Joseph Veleno wins face-off versus Sidney Crosby in Hartford Whalers zone.
5:32 of 1st period - Snap shot by Logan Cooley.
5:32 of 1st period - Stopped by Samuel Montembeault without a rebound.
5:33 of 1st period - Pierre-Luc Dubois wins face-off versus Joseph Veleno in Hartford Whalers zone.
5:38 of 1st period - Wrist shot by Sidney Crosby.
5:38 of 1st period - Deflect By Pierre-Luc Dubois.
5:38 of 1st period - Shot Blocked by K'Andre Miller.
5:38 of 1st period - Puck is out of play.
5:39 of 1st period - Sidney Crosby wins face-off versus Joseph Veleno in Los Angeles Kings zone.
5:42 of 1st period - Snap shot by Sidney Crosby.
5:42 of 1st period - Shot Misses the Net.
5:52 of 1st period - Wrist shot by Logan Cooley.
5:52 of 1st period - Stopped by Samuel Montembeault with a rebound.
5:54 of 1st period - Slapshot by K'Andre Miller.
5:54 of 1st period - Shot Misses the Net.
6:36 of 1st period - Mikey Eyssimont is hit by Simon Edvinsson.
6:50 of 1st period - Snap shot by Mikey Eyssimont.
6:50 of 1st period - Shot Misses the Net.
6:58 of 1st period - Slapshot by Morgan Geekie.
6:58 of 1st period - Shot Misses the Net.
7:14 of 1st period - Wrist shot by Seth Jarvis.
7:14 of 1st period - Deflect By Matthew Boldy.
7:14 of 1st period - Stopped by Samuel Montembeault with a rebound.
7:24 of 1st period - Backhand shot by Sidney Crosby.
7:24 of 1st period - Shot Misses the Net.
7:26 of 1st period - Snap shot by Pierre-Luc Dubois.
7:26 of 1st period - Stopped by Andrei Vasilevskiy with a rebound.
7:28 of 1st period - Slapshot by Simon Edvinsson.
7:28 of 1st period - Stopped by Andrei Vasilevskiy with a rebound.
7:30 of 1st period - Slapshot by Kaiden Guhle.
7:30 of 1st period - Goal by Kaiden Guhle - Hartford Whalers : 1 - Los Angeles Kings : 0.
7:31 of 1st period - Joshua Norris wins face-off versus Seth Jarvis in neutral zone.
7:58 of 1st period - Anthony Cirelli is hit by Morgan Geekie and loses puck.
8:19 of 1st period - Owen Power is hit by Braden Schneider.
8:23 of 1st period - Drew Helleson is hit by Braden Schneider and loses puck.
8:49 of 1st period - Snap shot by Kaiden Guhle.
8:49 of 1st period - Shot Misses the Net.
9:25 of 1st period - Logan Cooley is hit by Vladislav Gavrikov and loses puck.
9:44 of 1st period - Snap shot by Logan Cooley.
9:44 of 1st period - Stopped by Samuel Montembeault without a rebound.
9:45 of 1st period - Matthew Coronato wins face-off versus Mikey Eyssimont in Hartford Whalers zone.
10:16 of 1st period - Ryan Suter is hit by Anders Lee.
10:36 of 1st period - Snap shot by Anders Lee.
10:36 of 1st period - Shot Misses the Net.
10:38 of 1st period - Slapshot by Braden Schneider.
10:38 of 1st period - Shot Misses the Net.
10:40 of 1st period - Slapshot by Devon Toews.
10:40 of 1st period - Deflect By Andrei Svechnikov.
10:40 of 1st period - Stopped by Andrei Vasilevskiy with a rebound.
10:42 of 1st period - Snap shot by Anders Lee.
10:42 of 1st period - Goal by Anders Lee - Hartford Whalers : 2 - Los Angeles Kings : 0.
10:43 of 1st period - Jordan Kyrou wins face-off versus Seth Jarvis in neutral zone.
10:48 of 1st period - Pierre-Luc Dubois is hit by Matthew Boldy and loses puck.
11:14 of 1st period - Wrist shot by Nick Suzuki.
11:14 of 1st period - Shot Misses the Net.
11:16 of 1st period - Snap shot by Anthony Cirelli.
11:16 of 1st period - Shot Misses the Net.
11:18 of 1st period - Slapshot by Anthony Cirelli.
11:18 of 1st period - Shot Misses the Net.
11:34 of 1st period - Braden Schneider is hit by Morgan Geekie and loses puck.
11:41 of 1st period - Wrist shot by Joshua Norris.
11:41 of 1st period - Stopped by Andrei Vasilevskiy with a rebound.
12:23 of 1st period - Snap shot by Logan Cooley.
12:23 of 1st period - Shot Blocked by Kaiden Guhle.
12:50 of 1st period - Slapshot by Morgan Geekie.
12:50 of 1st period - Stopped by Samuel Montembeault with a rebound.
13:00 of 1st period - Wrist shot by Morgan Geekie.
13:00 of 1st period - Shot Misses the Net.
13:02 of 1st period - Wrist shot by Morgan Geekie.
13:02 of 1st period - Shot Misses the Net.
13:04 of 1st period - Slapshot by Ryan Suter.
13:04 of 1st period - Stopped by Samuel Montembeault without a rebound.
13:05 of 1st period - Nick Suzuki wins face-off versus Seth Jarvis in Hartford Whalers zone.
13:34 of 1st period - MacKenzie Weegar is hit by Tyson Foerster and loses puck.
13:38 of 1st period - Icing by MacKenzie Weegar.
13:39 of 1st period - Joshua Norris wins face-off versus Jansen Harkins in Los Angeles Kings zone.
13:52 of 1st period - Backhand shot by Andrei Kuzmenko.
13:52 of 1st period - Stopped by Samuel Montembeault with a rebound.
13:54 of 1st period - Backhand shot by MacKenzie Weegar.
13:54 of 1st period - Deflect By Joshua Norris.
13:54 of 1st period - Stopped by Samuel Montembeault with a rebound.
13:56 of 1st period - Slapshot by MacKenzie Weegar.
13:56 of 1st period - Stopped by Samuel Montembeault with a rebound.
13:58 of 1st period - Snap shot by MacKenzie Weegar.
13:58 of 1st period - Stopped by Samuel Montembeault with a rebound.
14:06 of 1st period - Snap shot by Andrei Kuzmenko.
14:06 of 1st period - Stopped by Samuel Montembeault without a rebound.
14:07 of 1st period - Nick Suzuki wins face-off versus Seth Jarvis in Hartford Whalers zone.
14:07 of 1st period - Nick Suzuki is hit by Drew Helleson.
14:15 of 1st period - Snap shot by Nick Suzuki.
14:15 of 1st period - Shot Blocked by Matthew Boldy.
14:40 of 1st period - Snap shot by Pierre-Luc Dubois.
14:40 of 1st period - Shot Misses the Net.
14:42 of 1st period - Backhand shot by Pierre-Luc Dubois.
14:42 of 1st period - Stopped by Andrei Vasilevskiy without a rebound.
14:43 of 1st period - Seth Jarvis wins face-off versus Joshua Norris in Los Angeles Kings zone.
15:10 of 1st period - Anthony Cirelli is hit by MacKenzie Weegar.
15:32 of 1st period - Off-side.
15:33 of 1st period - Mikey Eyssimont wins face-off versus Sidney Crosby in neutral zone.
16:00 of 1st period - Seth Jones is hit by Andrei Svechnikov and loses puck.
16:33 of 1st period - Slapshot by Morgan Geekie.
16:33 of 1st period - Stopped by Samuel Montembeault without a rebound.
16:34 of 1st period - Joshua Norris wins face-off versus Seth Jarvis in Hartford Whalers zone.
16:49 of 1st period - MacKenzie Weegar is hit by Joshua Norris and loses puck.
17:44 of 1st period - Owen Power is hit by Nick Suzuki and loses puck.
18:12 of 1st period - Wrist shot by Joshua Norris.
18:12 of 1st period - Stopped by Andrei Vasilevskiy without a rebound.
18:13 of 1st period - Joshua Norris wins face-off versus Vitali Kravtsov in Los Angeles Kings zone.
18:14 of 1st period - Slapshot by Jonathan Drouin.
18:14 of 1st period - Shot Misses the Net.
18:16 of 1st period - Slapshot by Seth Jones.
18:16 of 1st period - Shot Blocked by MacKenzie Weegar.
18:18 of 1st period - Slapshot by Vladislav Gavrikov.
18:18 of 1st period - Stopped by Andrei Vasilevskiy without a rebound.
18:19 of 1st period - Joshua Norris wins face-off versus Jansen Harkins in Los Angeles Kings zone.
19:28 of 1st period - Snap shot by Joshua Norris.
19:28 of 1st period - Shot Misses the Net.
19:30 of 1st period - Snap shot by Joshua Norris.
19:30 of 1st period - Stopped by Andrei Vasilevskiy without a rebound.
19:31 of 1st period - Mikey Eyssimont wins face-off versus Joshua Norris in Los Angeles Kings zone.
Goals for this period are 2 for Hartford Whalers vs 0 for Los Angeles Kings.
Shots for this period are 10 for Hartford Whalers vs 15 for Los Angeles Kings.

2nd period


0:01 of 2nd period - Sidney Crosby wins face-off versus Seth Jarvis in neutral zone.
0:26 of 2nd period - Charlie McAvoy is hit by Dylan Guenther and loses puck.
1:29 of 2nd period - Snap shot by Matthew Coronato.
1:29 of 2nd period - Shot Blocked by Owen Power.
1:31 of 2nd period - Slapshot by Devon Toews.
1:31 of 2nd period - Shot Blocked by Owen Power.
1:33 of 2nd period - Slapshot by Matthew Coronato.
1:33 of 2nd period - Shot Blocked by Matthew Boldy.
1:35 of 2nd period - Slapshot by Devon Toews.
1:35 of 2nd period - Shot Misses the Net.
1:37 of 2nd period - Slapshot by Devon Toews.
1:37 of 2nd period - Shot Misses the Net.
1:39 of 2nd period - Wrist shot by Matthew Coronato.
1:39 of 2nd period - Shot Blocked by Drew Helleson.
1:41 of 2nd period - Slapshot by Braden Schneider.
1:41 of 2nd period - Shot Blocked by Owen Power.
1:43 of 2nd period - Slapshot by Braden Schneider.
1:43 of 2nd period - Stopped by Andrei Vasilevskiy without a rebound.
1:44 of 2nd period - Sidney Crosby wins face-off versus Jansen Harkins in Los Angeles Kings zone.
1:46 of 2nd period - Minor Penalty to Vitali Kravtsov for Roughing.
1:47 of 2nd period - Logan Cooley wins face-off versus Sidney Crosby in Los Angeles Kings zone.
2:02 of 2nd period - Snap shot by Sidney Crosby.
2:02 of 2nd period - Shot Misses the Net.
2:04 of 2nd period - Wrist shot by Sidney Crosby.
2:04 of 2nd period - Deflect By Nick Suzuki.
2:04 of 2nd period - Shot Misses the Net.
2:04 of 2nd period - Puck is out of play.
2:05 of 2nd period - Joshua Norris wins face-off versus Logan Cooley in Los Angeles Kings zone.
2:10 of 2nd period - Slapshot by Joshua Norris.
2:10 of 2nd period - Stopped by Andrei Vasilevskiy with a rebound.
2:12 of 2nd period - Wrist shot by Pierre-Luc Dubois.
2:12 of 2nd period - Stopped by Andrei Vasilevskiy without a rebound.
2:13 of 2nd period - Logan Cooley wins face-off versus Joshua Norris in Los Angeles Kings zone.
2:13 of 2nd period - Logan Cooley is hit by Pierre-Luc Dubois.
2:48 of 2nd period - Slapshot by Pierre-Luc Dubois.
2:48 of 2nd period - Goal by Pierre-Luc Dubois - Hartford Whalers : 3 - Los Angeles Kings : 0.
2:49 of 2nd period - Nick Suzuki wins face-off versus Seth Jarvis in neutral zone.
3:42 of 2nd period - Snap shot by Joshua Norris.
3:42 of 2nd period - Deflect By Jonathan Drouin.
3:42 of 2nd period - Stopped by Andrei Vasilevskiy with a rebound.
3:58 of 2nd period - Jansen Harkins is hit by Dylan Guenther and loses puck.
4:18 of 2nd period - Snap shot by Seth Jarvis.
4:18 of 2nd period - Deflect By Devon Toews.
4:18 of 2nd period - Shot Misses the Net.
4:18 of 2nd period - Puck is out of play.
4:19 of 2nd period - Matthew Coronato wins face-off versus Seth Jarvis in Hartford Whalers zone.
4:46 of 2nd period - K'Andre Miller is hit by Simon Edvinsson and loses puck.
5:41 of 2nd period - Snap shot by Andrei Kuzmenko.
5:41 of 2nd period - Stopped by Samuel Montembeault with a rebound.
6:01 of 2nd period - Backhand shot by Andrei Svechnikov.
6:01 of 2nd period - Stopped by Samuel Montembeault with a rebound.
6:13 of 2nd period - Braden Schneider is hit by Joseph Veleno and loses puck.
6:19 of 2nd period - Icing by Jordan Kyrou.
6:20 of 2nd period - Joseph Veleno wins face-off versus Sidney Crosby in Hartford Whalers zone.
6:40 of 2nd period - Wrist shot by Sidney Crosby.
6:40 of 2nd period - Stopped by Andrei Vasilevskiy without a rebound.
6:41 of 2nd period - Nick Suzuki wins face-off versus Seth Jarvis in Los Angeles Kings zone.
6:48 of 2nd period - Snap shot by Dylan Guenther.
6:48 of 2nd period - Shot Misses the Net.
7:08 of 2nd period - Andrei Kuzmenko is hit by Tyson Foerster and loses puck.
7:19 of 2nd period - Tyson Foerster is hit by MacKenzie Weegar and loses puck.
7:57 of 2nd period - Devon Toews is hit by Charlie McAvoy.
8:49 of 2nd period - Icing by Jonathan Drouin.
8:50 of 2nd period - Joshua Norris wins face-off versus Joseph Veleno in Hartford Whalers zone.
9:21 of 2nd period - Slapshot by Pierre-Luc Dubois.
9:21 of 2nd period - Stopped by Andrei Vasilevskiy with a rebound.
9:23 of 2nd period - Snap shot by Jordan Kyrou.
9:23 of 2nd period - Stopped by Andrei Vasilevskiy without a rebound.
9:24 of 2nd period - Jansen Harkins wins face-off versus Nick Suzuki in Los Angeles Kings zone.
9:37 of 2nd period - Snap shot by Dylan Guenther.
9:37 of 2nd period - Stopped by Andrei Vasilevskiy with a rebound.
9:39 of 2nd period - Slapshot by Kaiden Guhle.
9:39 of 2nd period - Shot Misses the Net.
9:41 of 2nd period - Slapshot by Kaiden Guhle.
9:41 of 2nd period - Shot Blocked by Jansen Harkins.
9:51 of 2nd period - Logan Cooley is hit by Pierre-Luc Dubois.
9:52 of 2nd period - Icing by Logan Cooley.
9:53 of 2nd period - Sidney Crosby wins face-off versus Joseph Veleno in Los Angeles Kings zone.
10:35 of 2nd period - Minor Penalty to Jordan Kyrou for Tripping.
10:36 of 2nd period - Joshua Norris wins face-off versus Seth Jarvis in Hartford Whalers zone.
10:46 of 2nd period - Snap shot by Matthew Boldy.
10:46 of 2nd period - Shot Hit the Post.
10:53 of 2nd period - Slapshot by K'Andre Miller.
10:53 of 2nd period - Deflect By Seth Jarvis.
10:53 of 2nd period - Stopped by Samuel Montembeault with a rebound.
12:35 of 2nd period - Penalty to Jordan Kyrou is over, Jordan Kyrou is back on ice.
12:36 of 2nd period - Jordan Kyrou is hit by Andrei Kuzmenko and loses puck.
12:51 of 2nd period - Snap shot by Pierre-Luc Dubois.
12:51 of 2nd period - Stopped by Andrei Vasilevskiy without a rebound.
12:52 of 2nd period - Mikey Eyssimont wins face-off versus Jordan Kyrou in Los Angeles Kings zone.
12:52 of 2nd period - Mikey Eyssimont is hit by Pierre-Luc Dubois.
13:21 of 2nd period - Snap shot by Andrei Kuzmenko.
13:21 of 2nd period - Shot Misses the Net.
14:08 of 2nd period - Slapshot by Jansen Harkins.
14:08 of 2nd period - Shot Misses the Net.
14:10 of 2nd period - Slapshot by Ryan Suter.
14:10 of 2nd period - Shot Misses the Net.
14:40 of 2nd period - Vladislav Gavrikov is hit by Seth Jarvis and loses puck.
14:50 of 2nd period - Minor Penalty to Andrei Svechnikov for High sticking.
14:51 of 2nd period - Anthony Cirelli wins face-off versus Matthew Boldy in Los Angeles Kings zone.
14:57 of 2nd period - Snap shot by Nick Suzuki.
14:57 of 2nd period - Stopped by Andrei Vasilevskiy with a rebound.
14:59 of 2nd period - Slapshot by Devon Toews.
14:59 of 2nd period - Shot Misses the Net.
15:13 of 2nd period - Wrist shot by Matthew Boldy.
15:13 of 2nd period - Deflect By Logan Cooley.
15:13 of 2nd period - Shot Misses the Net.
15:13 of 2nd period - Puck is out of play.
15:14 of 2nd period - Anthony Cirelli wins face-off versus Logan Cooley in Hartford Whalers zone.
16:50 of 2nd period - Penalty to Andrei Svechnikov is over, Andrei Svechnikov is back on ice.
17:34 of 2nd period - Snap shot by Seth Jarvis.
17:34 of 2nd period - Stopped by Samuel Montembeault without a rebound.
17:35 of 2nd period - Joshua Norris wins face-off versus Seth Jarvis in Hartford Whalers zone.
17:50 of 2nd period - Wrist shot by Owen Power.
17:50 of 2nd period - Shot Misses the Net.
18:24 of 2nd period - Icing by Drew Helleson.
18:25 of 2nd period - Joseph Veleno wins face-off versus Tyson Foerster in Los Angeles Kings zone.
19:17 of 2nd period - Slapshot by K'Andre Miller.
19:17 of 2nd period - Shot Blocked by Sidney Crosby.
19:33 of 2nd period - Slapshot by MacKenzie Weegar.
19:33 of 2nd period - Goal by MacKenzie Weegar - Hartford Whalers : 3 - Los Angeles Kings : 1.
19:34 of 2nd period - Nick Suzuki wins face-off versus Seth Jarvis in neutral zone.
19:45 of 2nd period - Wrist shot by Nick Suzuki.
19:45 of 2nd period - Shot Misses the Net.
19:53 of 2nd period - Devon Toews is hit by Matthew Boldy.
Goals for this period are 1 for Hartford Whalers vs 1 for Los Angeles Kings.
Shots for this period are 11 for Hartford Whalers vs 5 for Los Angeles Kings.

3rd period


0:01 of 3rd period - Nick Suzuki wins face-off versus Seth Jarvis in neutral zone.
0:16 of 3rd period - Slapshot by Andrei Svechnikov.
0:16 of 3rd period - Stopped by Samuel Montembeault with a rebound.
0:35 of 3rd period - Wrist shot by Logan Cooley.
0:35 of 3rd period - Deflect By Seth Jones.
0:35 of 3rd period - Stopped by Samuel Montembeault without a rebound.
0:36 of 3rd period - Jansen Harkins wins face-off versus Sidney Crosby in Hartford Whalers zone.
0:36 of 3rd period - Charlie McAvoy and Jordan Kyrou fight to a draw.
0:36 of 3rd period - Penalty to Charlie McAvoy for Fighting.
0:36 of 3rd period - Penalty to Jordan Kyrou for Fighting.
0:37 of 3rd period - Seth Jarvis wins face-off versus Joshua Norris in Hartford Whalers zone.
0:38 of 3rd period - Snap shot by Andrei Svechnikov.
0:38 of 3rd period - Shot Misses the Net.
0:40 of 3rd period - Wrist shot by Seth Jarvis.
0:40 of 3rd period - Stopped by Samuel Montembeault with a rebound.
0:42 of 3rd period - Slapshot by MacKenzie Weegar.
0:42 of 3rd period - Stopped by Samuel Montembeault with a rebound.
0:44 of 3rd period - Snap shot by Seth Jarvis.
0:44 of 3rd period - Shot Misses the Net.
0:46 of 3rd period - Slapshot by Seth Jarvis.
0:46 of 3rd period - Goal by Seth Jarvis - Hartford Whalers : 3 - Los Angeles Kings : 2.
0:47 of 3rd period - Jansen Harkins wins face-off versus Nick Suzuki in neutral zone.
1:23 of 3rd period - Snap shot by Pierre-Luc Dubois.
1:23 of 3rd period - Shot Blocked by Andrei Kuzmenko.
1:49 of 3rd period - Slapshot by Andrei Svechnikov.
1:49 of 3rd period - Stopped by Samuel Montembeault with a rebound.
2:27 of 3rd period - Slapshot by Mikey Eyssimont.
2:27 of 3rd period - Deflect By Evander Kane.
2:27 of 3rd period - Shot Misses the Net.
2:27 of 3rd period - Puck is out of play.
2:28 of 3rd period - Seth Jarvis wins face-off versus Nick Suzuki in Hartford Whalers zone.
3:00 of 3rd period - Snap shot by Mikey Eyssimont.
3:00 of 3rd period - Stopped by Samuel Montembeault with a rebound.
3:57 of 3rd period - Icing by Owen Power.
3:58 of 3rd period - Joshua Norris wins face-off versus Jansen Harkins in Los Angeles Kings zone.
4:01 of 3rd period - Wrist shot by Joshua Norris.
4:01 of 3rd period - Shot Misses the Net.
4:07 of 3rd period - Snap shot by Jansen Harkins.
4:07 of 3rd period - Stopped by Samuel Montembeault without a rebound.
4:08 of 3rd period - Nick Suzuki wins face-off versus Seth Jarvis in Hartford Whalers zone.
4:15 of 3rd period - Wrist shot by Dylan Guenther.
4:15 of 3rd period - Shot Misses the Net.
4:56 of 3rd period - Wrist shot by Jonathan Drouin.
4:56 of 3rd period - Stopped by Andrei Vasilevskiy with a rebound.
5:18 of 3rd period - Snap shot by Nick Suzuki.
5:18 of 3rd period - Deflect By Anthony Cirelli.
5:18 of 3rd period - Stopped by Andrei Vasilevskiy without a rebound.
5:19 of 3rd period - Mikey Eyssimont wins face-off versus Nick Suzuki in Los Angeles Kings zone.
5:53 of 3rd period - Slapshot by Evander Kane.
5:53 of 3rd period - Shot Misses the Net.
5:55 of 3rd period - Snap shot by MacKenzie Weegar.
5:55 of 3rd period - Shot Misses the Net.
5:57 of 3rd period - Snap shot by Alex Gallant.
5:57 of 3rd period - Goal by Alex Gallant - Hartford Whalers : 3 - Los Angeles Kings : 3.
5:58 of 3rd period - Joseph Veleno wins face-off versus Sidney Crosby in neutral zone.
6:00 of 3rd period - Off-side.
6:01 of 3rd period - Joseph Veleno wins face-off versus Sidney Crosby in neutral zone.
6:36 of 3rd period - Wrist shot by Morgan Geekie.
6:36 of 3rd period - Stopped by Samuel Montembeault without a rebound.
6:37 of 3rd period - Joshua Norris wins face-off versus Seth Jarvis in Hartford Whalers zone.
6:52 of 3rd period - Wrist shot by Matthew Boldy.
6:52 of 3rd period - Shot Misses the Net.
6:54 of 3rd period - Snap shot by Seth Jarvis.
6:54 of 3rd period - Deflect By Andrei Svechnikov.
6:54 of 3rd period - Stopped by Samuel Montembeault with a rebound.
7:00 of 3rd period - Minor Penalty to Braden Schneider for Roughing.
7:01 of 3rd period - Joshua Norris wins face-off versus Andrei Kuzmenko in Hartford Whalers zone.
8:04 of 3rd period - Wrist shot by Seth Jarvis.
8:04 of 3rd period - Stopped by Samuel Montembeault without a rebound.
8:05 of 3rd period - Nick Suzuki wins face-off versus Andrei Kuzmenko in Hartford Whalers zone.
8:42 of 3rd period - Andrei Kuzmenko is hit by Devon Toews and loses puck.
9:00 of 3rd period - Penalty to Braden Schneider is over, Braden Schneider is back on ice.
9:23 of 3rd period - Backhand shot by Pierre-Luc Dubois.
9:23 of 3rd period - Stopped by Andrei Vasilevskiy without a rebound.
9:24 of 3rd period - Sidney Crosby wins face-off versus Seth Jarvis in Los Angeles Kings zone.
10:12 of 3rd period - Logan Cooley is hit by Devon Toews.
10:26 of 3rd period - Kaapo Kakko is hit by Mikey Eyssimont and loses puck.
11:03 of 3rd period - Minor Penalty to Andrei Svechnikov for Roughing.
11:04 of 3rd period - Joshua Norris wins face-off versus Logan Cooley in Los Angeles Kings zone.
12:28 of 3rd period - Snap shot by Joshua Norris.
12:28 of 3rd period - Stopped by Andrei Vasilevskiy without a rebound.
12:29 of 3rd period - Sidney Crosby wins face-off versus Logan Cooley in Los Angeles Kings zone.
12:34 of 3rd period - Wrist shot by Dylan Guenther.
12:34 of 3rd period - Shot Misses the Net.
12:36 of 3rd period - Slapshot by Matthew Coronato.
12:36 of 3rd period - Shot Blocked by Matthew Boldy.
12:38 of 3rd period - Snap shot by Dylan Guenther.
12:38 of 3rd period - Stopped by Andrei Vasilevskiy without a rebound.
12:39 of 3rd period - Matthew Boldy wins face-off versus Sidney Crosby in Los Angeles Kings zone.
13:03 of 3rd period - Penalty to Andrei Svechnikov is over, Andrei Svechnikov is back on ice.
14:12 of 3rd period - Jonathan Drouin is hit by Drew Helleson and loses puck.
14:32 of 3rd period - Icing by Pierre-Luc Dubois.
14:33 of 3rd period - Joseph Veleno wins face-off versus Sidney Crosby in Hartford Whalers zone.
14:58 of 3rd period - Seth Jones is hit by Andrei Svechnikov and loses puck.
15:49 of 3rd period - Wrist shot by Evander Kane.
15:49 of 3rd period - Stopped by Samuel Montembeault without a rebound.
15:50 of 3rd period - Seth Jarvis wins face-off versus Matthew Coronato in Hartford Whalers zone.
15:53 of 3rd period - Snap shot by Seth Jarvis.
15:53 of 3rd period - Shot Blocked by Braden Schneider.
15:59 of 3rd period - Slapshot by Devon Toews.
15:59 of 3rd period - Deflect By Matthew Coronato.
15:59 of 3rd period - Stopped by Andrei Vasilevskiy without a rebound.
16:00 of 3rd period - Seth Jarvis wins face-off versus Matthew Coronato in Los Angeles Kings zone.
16:29 of 3rd period - Icing by Anders Lee.
16:30 of 3rd period - Jansen Harkins wins face-off versus Matthew Coronato in Hartford Whalers zone.
16:33 of 3rd period - Wrist shot by Jansen Harkins.
16:33 of 3rd period - Stopped by Samuel Montembeault without a rebound.
16:34 of 3rd period - Jansen Harkins wins face-off versus Joshua Norris in Hartford Whalers zone.
16:45 of 3rd period - Wrist shot by Jansen Harkins.
16:45 of 3rd period - Shot Misses the Net.
16:47 of 3rd period - Slapshot by Ryan Suter.
16:47 of 3rd period - Shot Misses the Net.
16:49 of 3rd period - Wrist shot by Jansen Harkins.
16:49 of 3rd period - Stopped by Samuel Montembeault without a rebound.
16:50 of 3rd period - Nick Suzuki wins face-off versus Seth Jarvis in Hartford Whalers zone.
16:59 of 3rd period - Snap shot by Dylan Guenther.
16:59 of 3rd period - Shot Misses the Net.
17:01 of 3rd period - Slapshot by Nick Suzuki.
17:01 of 3rd period - Shot Misses the Net.
17:03 of 3rd period - Snap shot by Kaiden Guhle.
17:03 of 3rd period - Stopped by Andrei Vasilevskiy with a rebound.
17:05 of 3rd period - Snap shot by Dylan Guenther.
17:05 of 3rd period - Goal by Dylan Guenther - Hartford Whalers : 4 - Los Angeles Kings : 3.
17:06 of 3rd period - Jansen Harkins wins face-off versus Joshua Norris in neutral zone.
17:19 of 3rd period - Slapshot by Jansen Harkins.
17:19 of 3rd period - Stopped by Samuel Montembeault without a rebound.
17:20 of 3rd period - Joshua Norris wins face-off versus Seth Jarvis in Hartford Whalers zone.
17:58 of 3rd period - Snap shot by Jansen Harkins.
17:58 of 3rd period - Shot Blocked by Kaiden Guhle.
18:16 of 3rd period - Wrist shot by Dylan Guenther.
18:16 of 3rd period - Stopped by Andrei Vasilevskiy with a rebound.
18:18 of 3rd period - Snap shot by Braden Schneider.
18:18 of 3rd period - Deflect By Dylan Guenther.
18:18 of 3rd period - Stopped by Andrei Vasilevskiy with a rebound.
18:20 of 3rd period - Backhand shot by Nick Suzuki.
18:20 of 3rd period - Stopped by Andrei Vasilevskiy with a rebound.
18:32 of 3rd period - Los Angeles Kings, Andrei Vasilevskiy is pulled from the net.
18:40 of 3rd period - Snap shot by Morgan Geekie.
18:40 of 3rd period - Shot Misses the Net.
18:42 of 3rd period - Slapshot by Morgan Geekie.
18:42 of 3rd period - Shot Blocked by Devon Toews.
19:04 of 3rd period - Wrist shot by Anthony Cirelli.
19:04 of 3rd period - Goal by Anthony Cirelli - Hartford Whalers : 5 - Los Angeles Kings : 3.
19:04 of 3rd period - Andrei Vasilevskiy from Los Angeles Kings was sent back in the game.
19:05 of 3rd period - Joshua Norris wins face-off versus Jansen Harkins in neutral zone.
19:40 of 3rd period - Snap shot by Sidney Crosby.
19:40 of 3rd period - Stopped by Andrei Vasilevskiy without a rebound.
19:41 of 3rd period - Alex Gallant wins face-off versus Matthew Coronato in Los Angeles Kings zone.
19:41 of 3rd period - Alex Gallant is hit by Seth Jones.
19:49 of 3rd period - Snap shot by Evander Kane.
19:49 of 3rd period - Shot Misses the Net.
19:51 of 3rd period - Wrist shot by Charlie McAvoy.
19:51 of 3rd period - Stopped by Samuel Montembeault without a rebound.
19:52 of 3rd period - Joshua Norris wins face-off versus Mikey Eyssimont in Hartford Whalers zone.
Goals for this period are 2 for Hartford Whalers vs 2 for Los Angeles Kings.
Shots for this period are 13 for Hartford Whalers vs 17 for Los Angeles Kings.